 Seeded DCSS version 0.30.1 (webtiles) character file.

Game seed: 1607288259308109930 (custom seed)

597 CInkIbrahim the Slasher (level 7, -8/34 HPs)
             Began as a Vine Stalker Gladiator on July 10, 2023.
             Was a Believer of Dithmenos.
             Mangled by a gnoll
             ... wielding a +0 halberd
             ... led by a gnoll sergeant
              (11 damage)
             ... on level 5 of the Dungeon.
             The game lasted 00:07:38 (3692 turns).

CInkIbrahim the Slasher (Vine Stalker Gladiator)    Turns: 3692, Time: 00:07:38

Health: -8/34      AC:  6    Str: 17    XL:     7   Next: 40%
Magic:  0/8        EV: 12    Int:  8    God:    Dithmenos [**....]
Gold:   65         SH:  0    Dex: 17    Spells: 6/6 levels left

rFire   + . .        a - +0 long sword
rCold   x . .        (no shield)
rNeg    . . .        x - +0 leather armour
rPois   +            l - +2 hat
rElec   .            (no cloak)
rCorr   .            (no gloves)
SInv    .            w - +0 pair of boots
Will    .....        (no amulet)
Stlth   ++           n - ring of fire
HPRegen 1.05/turn    j - ring of poison resistance
MPRegen 0.11/turn

%: guardian spirit
@: mighty, wreathed by umbra
A: fangs 2, regeneration 1, magic shield, antimagic bite, no potion heal 2
a: Renounce Religion, Shadow Step


You were on level 5 of the Dungeon.
You worshipped Dithmenos.
Dithmenos was pleased with you.
You visited 1 branch of the dungeon, and saw 5 of its levels.

You collected 113 gold pieces.
You spent 48 gold pieces at shops.

Inventory:

Hand Weapons
 a - a +0 long sword (weapon)
 b - a +0 dagger of electrocution
 h - the +6 hand axe "Bidwa" {freeze, Str+4}
   (You took it off a hobgoblin on level 4 of the Dungeon)

   Str:       It affects your strength (+4).
Missiles
 d - 3 throwing nets (quivered)
 e - a javelin
 s - 8 poisoned darts
Armour
 c - a +0 helmet
 l - a +2 hat (worn)
 w - a +0 pair of boots (worn)
 x - a +0 leather armour (worn)
Jewellery
 j - a ring of poison resistance (right hand)
 n - a ring of fire (left hand)
 q - a ring of see invisible
 t - a +6 ring of strength
Scrolls
 i - a scroll of brand weapon {unknown}
 k - a scroll of teleportation {unknown}
 m - a scroll of immolation {unknown}
 o - a scroll of enchant weapon {unknown}
 p - a scroll of noise {unknown}
 r - a scroll of amnesia {unknown}
 u - a scroll of poison {unknown}
Potions
 f - a potion of curing {unknown}
 g - a potion of brilliance
 v - 2 potions of attraction {unknown}


   Skills:
 - Level 1.7 Fighting
 + Level 7.5 Long Blades
 - Level 1.7 Throwing
 - Level 2.4 Dodging
 - Level 1.0 Stealth


You had 6 spell levels left.
You didn't know any spells.
Your spell library contained the following spells:

 Spells                   Type           Power      Damage    Failure   Level
 Freeze                   Ice            0%         1d3       47%         1
 Kiss of Death            Conj/Necr      0%         2d5       47%         1
 Confusing Touch          Hex            0%         N/A       85%         3
 Frozen Ramparts          Ice            0%         1d1       85%         3
 Hailstorm                Conj/Ice       0%         3d3       85%         3
 Animate Dead             Necr           0%         N/A       99%         4
 Dispel Undead            Necr           0%         3d6       99%         4
 Haunt                    Necr/Summ      0%         N/A       100%        7
 Infestation              Necr           0%         N/A       100%        8


Dungeon Overview and Level Annotations

Branches:
Dungeon (5/15)
 Temple: D:4-7

Altars:
Dithmenos

Shops:
D:1 ::[:!   D:4 [   D:5 !

Annotations:
D:3 3 runed translucent doors, nicolae's ghost, amateur SpAr


Innate Abilities, Weirdness & Mutations

You have extremely sharp teeth.
Your natural rate of healing is unusually fast.
When hurt, damage is shared between your health and your magic reserves.
Your bite disrupts and absorbs the magic of your enemies.
Potions cannot restore your health.


Message History

You closely miss the gnoll. You bite the gnoll!
You kill the gnoll!
Dithmenos accepts your kill.
The gnoll hits you from afar with a +0 spear.
The gnoll sergeant barely misses you.
Found a cyan potion.
The gnoll hits you but does no damage.
The gnoll sergeant completely misses you.
Things that are here:
a +0 club; a +0 club; a gnoll corpse You closely miss the gnoll sergeant.
Your bite misses the gnoll sergeant. The gnoll closely misses you. x2
The gnoll sergeant hits you with a +2 spear of freezing.
The gnoll sergeant freezes you. The gnoll sergeant blocks your attack.
You bite the gnoll sergeant! You drain its power.
You feel invigorated.
The gnoll sergeant is moderately wounded.
The gnoll closely misses you. The gnoll completely misses you.
The gnoll sergeant hits you with a +2 spear of freezing!
The gnoll sergeant freezes you.
You are too injured to fight recklessly!
You are too injured to fight recklessly!
You slash the gnoll sergeant! You bite the gnoll sergeant. You drain its power.
You feel invigorated.
The gnoll sergeant is almost dead.
The gnoll sergeant closely misses you.
The gnoll hits you from afar with a +0 halberd!
* * * LOW HITPOINT WARNING * * *
The gnoll closely misses you.
You slash the gnoll sergeant!
You kill the gnoll sergeant!
Dithmenos accepts your kill.
The gnoll hits you from afar with a +0 halberd.
The gnoll hits you with a +0 spear.
* * * LOW HITPOINT WARNING * * *
You slash the gnoll!
You kill the gnoll!
Dithmenos accepts your kill.
You can now step into the shadows of nearby creatures.
The gnoll hits you from afar with a +0 halberd!
You die...

.#####.#.+ +.....#.#
..........+++..#..#.#
........[.......>...#
..####..#.#.#..#..#.#
#..#.###..#.##.##
..........$.......
.......###.........
#.###.#.# #.##.##.##
#. ..... #@# .# #
.####..))# .# ###.g#
. #..# # #..# ....
#... !#.#.


You could see a gnoll.

Vanquished Creatures
  A gnoll sergeant (D:5)
  3 hounds (D:4)
  An orc priest (D:4)
  Natasha (twice) (D:4)
  2 iguanas (D:4)
  4 orc wizards (D:4)
  Robin (D:4)
  3 gnolls (D:5)
  6 adders
  A shadow imp (D:3)
  An ufetubus (D:4)
  2 worms
  4 dart slugs
  14 orcs (D:4)
  9 endoplasms
  3 giant cockroaches
  14 goblins
  9 hobgoblins
  6 jackals
  5 kobolds
  A quokka (D:4)
  6 ball pythons
  2 bats (D:1)
  2 frilled lizards
  5 rats
107 creatures vanquished.

Vanquished Creatures (others)
  A bat (D:2)
1 creature vanquished.

Grand Total: 108 creatures vanquished

Notes
Turn   | Place    | Note
-------+----------+-------------------------------------------
     0 | D:1      | CInkIbrahim the Vine Stalker Gladiator began the quest for
                  | the Orb.
     0 | D:1      | Reached XP level 1. HP: 11/11 MP: 2/2
    46 | D:1      | Found Iroihad's Distillery.
    72 | D:1      | Reached skill level 3 in Long Blades
   106 | D:1      | Reached XP level 2. HP: 15/15 MP: 3/3
   255 | D:1      | Found Biweimas's Book Shop.
   266 | D:1      | Found Zijei's Book Emporium.
   288 | D:1      | Found Hirutzo's Armour Shoppe.
   337 | D:1      | Found Dutofyhu's Book Shoppe.
   506 | D:2      | Reached XP level 3. HP: 18/18 MP: 4/4
   560 | D:2      | Reached skill level 4 in Long Blades
   688 | D:2      | Found a shadowy altar of Dithmenos.
   704 | D:2      | Became a worshipper of Dithmenos the Shadowed
  1014 | D:3      | Found a faded altar of an unknown god.
  1081 | D:3      | Gained mutation: Your natural rate of healing is unusually
                  | fast. [Vine Stalker growth]
  1081 | D:3      | Reached XP level 4. HP: 23/23 MP: 5/5
  1293 | D:3      | Found a runed translucent gate.
  1294 | D:3      | Found a runed translucent gate.
  1294 | D:3      | Noticed nicolae's ghost (amateur SpAr)
  1297 | D:3      | Found a runed translucent gate.
  1298 | D:3      | Noticed a kobold brigand
  1978 | D:3      | Reached skill level 5 in Long Blades
  2273 | D:4      | Reached XP level 5. HP: 26/26 MP: 6/6
  2369 | D:4      | Reached * piety under Dithmenos
  2391 | D:4      | Reached skill level 6 in Long Blades
  2391 | D:4      | Reached XP level 6. HP: 27/30 MP: 7/7
  2397 | D:4      | Found Kass's Armour Shoppe.
  2786 | D:4      | Noticed Natasha
  2792 | D:4      | Killed Natasha
  2799 | D:4      | Reached skill level 1 in Stealth
  2818 | D:4      | Noticed Natasha
  2831 | D:4      | Killed Natasha
  3062 | D:4      | Reached XP level 7. HP: 34/34 MP: 8/8
  3075 | D:4      | Reached skill level 7 in Long Blades
  3137 | D:4      | Identified the +6 hand axe "Bidwa" {freeze, Str+4}
  3137 | D:4      | Noticed Robin
  3162 | D:4      | Killed Robin
  3654 | D:5      | Entered Level 5 of the Dungeon
  3661 | D:5      | Found Itusot's Distillery.
  3671 | D:5      | Bought a potion of might for 48 gold pieces
  3692 | D:5      | Reached ** piety under Dithmenos
  3692 | D:5      | Mangled by a gnoll

Illustrated notes

Levels and vault maps discovered:
D:1:      onia_arrival_handbag, layout_rooms, serial_shops, shop,
          nicolae_shop_crystal, shop, nicolae_shop_pleasant_corner_grove,
          nicolae_shop_tiny_glass
D:2:      layout_rooms, basic_altar, minmay_hedge_maze, minmay_misc_feat_alley,
          nrook_campfire
D:3:      layout_basic, nicolae_ecumenical_oubliette,
          gammafunk_ghost_nasty_kobolds
D:4:      layout_basic, serial_shops, shop, st_stairs_13, grunt_ministairs_11,
          minmay_ruptured, uniq_robin, uniq_natasha
D:5:      layout_basic, serial_shops, shop, shop,
          nicolae_shop_tiny_real_fake_doors, shop, nicolae_shop_waterfront,
          item_on_display_a

Skill      XL: |  1  2  3  4  5  6  7 |
---------------+----------------------+-----
Long Blades    | 3 4 5 6 7 |  7.5
Stealth        | 1 |  1.0
Fighting       | |  1.7
Throwing       | |  1.7
Dodging        | |  2.4

Action                     |  1- 3 |  4- 6 |  7- 9 || total
---------------------------+-------+-------+-------++-------
  Melee: Long sword        |    73 |   131 |    33 ||   237
         Bite              |    17 |    65 |    12 ||    94
         Punch             |     2 |     2 |       ||     4
         Dagger            |       |    96 |       ||    96
    Use: Potion            |     1 |     1 |     1 ||     3
         Scroll            |       |     2 |       ||     2
   Stab: Sleeping          |     2 |     2 |       ||     4
         Distracted        |       |       |     1 ||     1
 Armour: Leather armour    |    21 |    63 |     6 ||    90
         Skin              |       |    20 |       ||    20
  Dodge: Dodged            |    42 |   121 |    24 ||   187
